 Dungeon Crawl Stone Soup version 0.29.1-15-g9cfb28693d (webtiles) character file.

Game seed: 8707475316859315293

2292528 TittyCrusher the Conqueror (level 27, 224/224 HPs)
             Began as a Demonspawn Gladiator on Mar 7, 2023.
             Was the Champion of Makhleb.
             Escaped with the Orb
             ... and 4 runes!
             The game lasted 03:33:04 (74306 turns).

TittyCrusher the Conqueror (Demonspawn Gladiator)  Turns: 74306, Time: 03:33:04

Health: 224/224    AC: 48    Str: 42    XL:     27
Magic:  36/36      EV: 30    Int:  7    God:    Makhleb [******]
Gold:   1321       SH:  4    Dex: 26    Spells: 26/26 levels left

rFire   + + +      SeeInvis .   a - +12 battleaxe of the Smoking Gnat {flame, Fly rF+}
rCold   + . .      Faith    .   (shield currently unavailable)
rNeg    . . .      Spirit   +   g - +7 plate armour of the Ageless Coins {Str+10 Int-5 Dex+4}
rPois   .          Reflect  .   c - +1 helmet "Nankeuwn" {Harm Will+ Stlth+}
rElec   +          Harm     +   M - +1 cloak of Weirdness {Rampage +Inv rElec Str+4}
rCorr   .          Rampage  +   (gloves unavailable)
Will    ++++.                   k - +3 pair of mountain boots {steadfast, rC+}
Stlth   ..........              Q - amulet of guardian spirit
HPRegen 0.47/turn               j - ring "Qaecs" {rF+ Will+ Str+4}
MPRegen 0.25/turn               u - ring of Propriety {rF+ EV+4 Dex+3}

@: mighty, about to teleport, flying, studying 5 skills
A: claws 3, molten scales 3, icemail 2, spiny 3, augmentation 3, condensation
shield, thin skeletal structure 1, frail 1
0: Orb of Zot
}: 4/15 runes: decaying, serpentine, slimy, silver
a: Renounce Religion, Evoke Invisibility, Minor Destruction, Lesser Servant of
Makhleb, Major Destruction, Greater Servant of Makhleb


You escaped.
You worshipped Makhleb.
Makhleb was exalted by your worship.
You visited 12 branches of the dungeon, and saw 56 of its levels.
You visited 1 ziggurat, and saw 9 of its levels.
You also visited: Sewer, Ossuary, Bailey and Ice Cave.

You collected 8917 gold pieces.
You spent 7596 gold pieces at shops.

Inventory:

Hand Weapons
 a - the +12 battleaxe of the Smoking Gnat (weapon) {flame, Fly rF+}
   (You bought it in a shop on level 4 of the Snake Pit)

   It burns those it strikes, dealing additional fire damage.
   Big, fiery blades are also staple armaments of hydra-hunters.
   rF:        It protects you from fire.
   Fly:       It grants you flight.
 b - the +5 demon whip "Spellbinder" {antimagic, Will+}
   (You took it off a deep elf annihilator on level 3 of the Elven Halls)

   It reduces the magical energy of the wielder, and disrupts the spells and
   magical abilities of those it strikes.
   Natural abilities and divine invocations are not affected.
   It unleashes wild and unpredictable magical effects upon striking a wizard or
   a creature with magical abilities.
   Will:      It increases your willpower.
Missiles
 d - 7 throwing nets (quivered)
Armour
 c - the +1 helmet "Nankeuwn" (worn) {Harm Will+ Stlth+}
   (You found it on level 1 of the Snake Pit)

   Harm:      It increases damage dealt and taken.
   Will:      It increases your willpower.
   Stlth:     It makes you more stealthy.
 g - the +7 plate armour of the Ageless Coins (worn) {Str+10 Int-5 Dex+4}
   (You found it on level 13 of the Dungeon)

   Str:       It affects your strength (+10).
   Int:       It affects your intelligence (-5).
   Dex:       It affects your dexterity (+4).
 k - the +3 pair of mountain boots (worn) {steadfast, rC+}
   (You acquired it on level 5 of the Vaults)

   It prevents involuntary movement, except for blinking, teleportation, or
   banishment.
   rC:        It protects you from cold.
 M - the +1 cloak of Weirdness (worn) {Rampage +Inv rElec Str+4}
   (You acquired it on level 2 of the Lair of Beasts)

   Str:       It affects your strength (+4).
   rElec:     It insulates you from electricity.
   +Inv:      It lets you turn invisible.
   Rampage:   It bestows one free step when moving towards enemies.
Jewellery
 f - the ring of Shadows {Umbra +Inv Stlth+}
   (You took it off a deep elf elementalist on level 3 of the Elven Halls)

   [ring of stealth]

   It surrounds you with an aura of shadow, increasing your stealth and reducing
   the accuracy of all others within it.
   +Inv:      It lets you turn invisible.
   Stlth:     It makes you more stealthy.
 j - the ring "Qaecs" (left claw) {rF+ Will+ Str+4}
   (You acquired it on level 5 of the Pits of Slime)

   [ring of willpower]

   Str:       It affects your strength (+4).
   rF:        It protects you from fire.
   Will:      It increases your willpower.
 l - a ring of positive energy
 r - a ring of poison resistance
 s - a ring of resist corrosion
 u - the ring of Propriety (right claw) {rF+ EV+4 Dex+3}
   (You found it on level 5 of the Vaults)

   [ring of evasion]

   EV:        It affects your evasion (+4).
   Dex:       It affects your dexterity (+3).
   rF:        It protects you from fire.
 B - a ring of see invisible
 P - the ring of Zunyf {Fire rN+}
   (You took it off an orc knight on level 15 of the Dungeon)

   [ring of fire]

   It enhances your fire magic.
   rF:        It protects you from fire.
   rC:        It makes you vulnerable to cold.
   rN:        It protects you from negative energy.
 Q - an amulet of guardian spirit (around neck)
Wands
 v - a wand of flame (67)
 y - a wand of mindburst (29)
 C - a wand of polymorph (42)
 T - a wand of digging (14)
 W - a wand of light (12)
 Y - a wand of roots (45)
 Z - a wand of paralysis (50)
Scrolls
 h - 29 scrolls of teleportation
 i - 9 scrolls of silence
 o - 8 scrolls of immolation
 t - 2 scrolls of summoning
 x - 17 scrolls of butterflies
 G - 8 scrolls of blinking
 I - a scroll of enchant armour
 K - 13 scrolls of amnesia
 N - 6 scrolls of fear
 R - 11 scrolls of magic mapping
 S - 5 scrolls of torment
 U - 14 scrolls of vulnerability
Potions
 m - 13 potions of attraction
 n - 5 potions of invisibility
 p - 6 potions of haste
 q - 3 potions of might
 w - 6 potions of berserk rage
 z - 22 potions of heal wounds
 A - 24 potions of curing
 E - 7 potions of flight
 F - 15 potions of brilliance
 H - 11 potions of magic
 J - 13 potions of mutation
 L - 9 potions of lignification
 O - 2 potions of cancellation
 V - 6 potions of resistance
 X - 7 potions of ambrosia
Miscellaneous
 e - a tin of tremorstones (2/2)
 D - a condenser vane


   Skills:
 O Level 27 Fighting
 - Level 21.1(23.8) Axes
 - Level 18.8(22.9) Maces & Flails
 - Level 6.0(13.6) Staves
 - Level 4.5 Throwing
 - Level 18.7 Armour
 + Level 20.2 Dodging
 - Level 2.7 Unarmed Combat
 - Level 19.6 Invocations
 - Level 6.9 Evocations


You had 26 spell levels left.
You didn't know any spells.
Your spell library contained the following spells:

 Spells                   Type           Power      Damage    Failure   Level
 Beastly Appendage        Tmut           0%         N/A       80%         1
 Foxfire                  Conj/Fire      0%         2x1d4     80%         1
 Freeze                   Ice            0%         1d3       80%         1
 Magic Dart               Conj           0%         1d3       80%         1
 Necrotise                Necr           0%         1d4       80%         1
 Sandblast                Erth           0%         2d4       80%         1
 Shock                    Conj/Air       0%         1d3       80%         1
 Slow                     Hex            0%         N/A       80%         1
 Sting                    Tmut/Pois      0%         1d3       80%         1
 Passwall                 Tmut/Erth      0%         N/A       90%         2
 Poisonous Vapours        Pois/Air       0%         N/A       90%         2
 Scorch                   Fire           0%         2d5       90%         2
 Searing Ray              Conj           0%         2d4       90%         2
 Static Discharge         Conj/Air       0%         3-3/arc   90%         2
 Sublimation of Blood     Necr           0%         N/A       90%         2
 Wereblood                Tmut           0%         N/A       90%         2
 Call Canine Familiar     Summ           0%         N/A       99%         3
 Confusing Touch          Hex            0%         N/A       99%         3
 Conjure Flame            Conj/Fire      0%         6-21      99%         3
 Dazzling Flash           Conj/Hex       0%         N/A       99%         3
 Frozen Ramparts          Ice            0%         1d1       99%         3
 Gell's Gravitas          Tloc           0%         N/A       99%         3
 Ignite Poison            Fire/Tmut/Pois 0%         N/A       99%         3
 Inner Flame              Hex/Fire       0%         N/A       99%         3
 Mephitic Cloud           Conj/Pois/Air  0%         N/A       99%         3
 Ozocubu's Armour         Ice            0%         N/A       99%         3
 Portal Projectile        Hex/Tloc       0%         N/A       99%         3
 Spider Form              Tmut/Pois      0%         N/A       99%         3
 Stone Arrow              Conj/Erth      0%         3d7       99%         3
 Swiftness                Air            0%         N/A       99%         3
 Teleport Other           Tloc           0%         N/A       99%         3
 Vampiric Draining        Necr           0%         2d6       99%         3
 Airstrike                Air            0%         2d(0-16)  100%        4
 Animate Armour           Summ/Erth      0%         N/A       100%        4
 Animate Dead             Necr           0%         N/A       100%        4
 Cause Fear               Hex            0%         N/A       100%        4
 Corpse Rot               Necr/Pois/Air  0%         N/A       100%        4
 Dispel Undead            Necr           0%         3d6       100%        4
 Flame Wave               Conj/Fire      0%         2d4       100%        4
 Fulminant Prism          Conj/Hex       0%         3d6       100%        4
 Hailstorm                Conj/Ice       0%         3d3       100%        4
 Ice Form                 Ice/Tmut       0%         N/A       100%        4
 Iskenderun's Mystic Bla  Conj/Tloc      0%         2d3       100%        4
 Leda's Liquefaction      Hex/Erth       0%         N/A       100%        4
 Olgreb's Toxic Radiance  Pois           0%         N/A       100%        4
 Petrify                  Tmut/Erth      0%         N/A       100%        4
 Sticky Flame             Conj/Fire      0%         2d3       100%        4
 Summon Ice Beast         Ice/Summ       0%         N/A       100%        4
 Alistair's Intoxication  Tmut/Pois      0%         N/A       100%        5
 Blade Hands              Tmut           0%         N/A       100%        5
 Borgnjor's Vile Clutch   Necr/Erth      0%         N/A       100%        5
 Fireball                 Conj/Fire      0%         3d3       100%        5
 Freezing Cloud           Conj/Ice/Air   0%         6-21      100%        5
 Irradiate                Conj/Tmut      0%         3d11      100%        5
 Iskenderun's Battlesphe  Conj           0%         2d6       100%        5
 Lee's Rapid Deconstruct  Erth           0%         3d5*      100%        5
 Lightning Bolt           Conj/Air       0%         1d11      100%        5
 Death Channel            Necr           0%         N/A       100%        6
 Dispersal                Tloc           0%         N/A       100%        6
 Eringya's Noxious Bog    Tmut/Pois      0%         N/A       100%        6
 Iron Shot                Conj/Erth      0%         9d1       100%        6
 Simulacrum               Ice/Necr       0%         N/A       100%        6
 Starburst                Conj/Fire      0%         6d3       100%        6
 Statue Form              Tmut/Erth      0%         N/A       100%        6
 Summon Cactus Giant      Summ           0%         N/A       100%        6
 Dragon Form              Tmut           0%         N/A       100%        7
 Haunt                    Necr/Summ      0%         N/A       100%        7
 Ozocubu's Refrigeration  Ice            0%         4d7       100%        7
 Spellforged Servitor     Conj/Summ      0%         N/A       100%        7
 Summon Hydra             Summ           0%         N/A       100%        7
 Borgnjor's Revivificati  Necr           0%         N/A       100%        8
 Ignition                 Fire           0%         3d3       100%        8
 Infestation              Necr           0%         N/A       100%        8
 Maxwell's Capacitive Co  Air            0%         ∞         100%        8
 Necromutation            Tmut/Necr      0%         N/A       100%        8
 Chain Lightning          Conj/Air       0%         N/A       100%        9
 Death's Door             Necr           0%         N/A       100%        9
 Dragon's Call            Summ           0%         N/A       100%        9
 Polar Vortex             Ice            0%         N/A       100%        9


Dungeon Overview and Level Annotations

Branches:
Dungeon (15/15)            Temple (1/1) D:4            Lair (5/5) D:11
  Swamp (4/4) Lair:2        Snake (4/4) Lair:3        Slime (5/5) Lair:5
    Orc (2/2) D:11            Elf (3/3) Orc:2        Vaults (5/5) D:13
  Crypt (3/3) Vaults:2       Tomb (0/3) Crypt:3      Depths (4/4) D:15
    Zot (5/5) Depths:4      Sewer (visited)         Ossuary (visited)
 Bailey (visited)           IceCv (visited)

Altars:
Ashenzari
Cheibriados
Dithmenos
Fedhas
Gozag
Hepliaklqana
Kikubaaqudgha
Makhleb
Nemelex Xobeh
Okawaru
Qazlal
Ru
Sif Muna
Trog
Vehumet
Wu Jian
Xom
Yredelemnul
Jiyva

Shops:
D:2 =   D:8 *   Orc:2 ?[![   Elf:1 (   Snake:4 [!*([!!   Vaults:2 ?[=*
Vaults:3 !:[   Depths:2 *

Portals:
Hell: Depths:1 Depths:2 Depths:3 Depths:4
Abyss: Depths:3
Pandemonium: Depths:1 Depths:2 Depths:4
Trove: Depths:1 (give 7 scrolls of blinking)

Annotations:
D:3 2 transporters
D:5 exclusion: downstairs
D:10 exclusion: obsidian statue
D:11 exclusion: downstairs
Swamp:2 exclusion: upstairs
Swamp:4 exclusion: 3 oklob plants
Depths:4 2 transporters, exclusion: orange crystal statue, Utor Aju's ghost, adept MiHu; frimble's ghost, adept DsGl; hurricos's ghost, veteran TeBe
Zot:4 4 transporters


Innate Abilities, Weirdness & Mutations

You have claws for hands.
You are completely covered in molten scales. (AC +4, rF+)
A meltable icy envelope protects you from harm. (AC +8)
You are completely covered in sharp spines.
Your magical and physical power is greatly enhanced at high health.
A meltable shield of frost defends you. (SH +4)
You have a somewhat thin skeletal structure. (Dex +2, Stealth+)
You are frail. (-10% HP)


Message History

You chop the glowing orange brain into pieces!!!
You burn the glowing orange brain!
You kill the glowing orange brain!
Makhleb accepts your kill.
No target in view!
No target in view!
There is an open gate here.
You slash the plant!
The plant begins to die.
You burn the plant.
The plant is lightly damaged.
A nearby plant withers and dies.
An ice devil comes into view.
The ice devil is struck by your spines. The ice devil completely misses you.
You hit the ice devil but do no damage.
The ice devil is heavily wounded.
You slice the plant!!
The plant begins to die.
You burn the plant! You slice the ice devil!! You burn the ice devil.
You kill the ice devil!
Makhleb accepts your kill.
You slice the plant!! You burn the plant!
An Orb Guardian comes into view.
A nearby plant withers and dies.
There is a staircase leading out of the dungeon here.
Okay, then.
Okay, then.
You're wearing all the rings you can.
Remove which one? (? for menu, Esc to cancel) < or
j - the ring "Qaecs" {rF+ Will+ Str+4} > or
r - a ring of poison resistance You remove your ring of poison resistance.
You feel agile.
u - the ring of Propriety (right claw) {rF+ EV+4 Dex+3} You feel very mighty all of a sudden.
A sun demon comes into view.
As you read the scroll of teleportation, it crumbles to dust.
You feel strangely unstable.
You feel the Orb delaying your translocation!
The sun demon shouts!
The Orb Guardian is struck by your spines.
The Orb Guardian hits you but does no damage.
You have escaped!

#.............
##............
##...........
#######.#... # #..... #≈
###... #≈♣♣ #####
#≈≈≈♣♣♣♣♣♣ #....
#≈≈≈♣.3P@♣ #.###
#≈≈≈♣..X♣♣ #....
#≈≈≈.....♣♣# ##..#
#≈≈≈.......# ###..#
#≈≈≈~..[..P# #...##
#≈≈~~......# #.###
#≈≈~.......# #...#
#≈≈~....♣.♣#########'''#
#≈≈≈~......♣P.P♣♣.##...##


You could see an Orb Guardian and a sun demon.

Vanquished Creatures
  the Royal Jelly (Slime:5)
  A dread lich (Vaults:5)
  3 orbs of fire (Zot:5)
  7 ancient liches
  Vv (Depths:3)
  2 shard shrikes
  6 Killer Klowns (Zot:5)
  13 golden dragons
  3 bone dragons
  2 doom hounds (Depths:4)
  A Tzitzimitl (Depths:4)
  3 electric golems
  27 tentacled monstrosities
  A walking crystal tome (Depths:3)
  Jorgrun (Swamp:1)
  26 Orb Guardians
  An Ice Fiend (Zig:5)
  5 liches
  Grunn (Depths:4)
  2 deep elf blademasters (Elf:3)
  2 deep elf master archers (Elf:3)
  6 quicksilver dragons
  12 acid blobs
  6 titans (Vaults:5)
  12 sphinxes
  10 death cobs
  5 ancient champions
  A tentacled starspawn (Zig:4)
  18 storm dragons
  16 shadow dragons
  7 revenants
  9 draconian monks
  2 azure jellies
  8 nagarajas
  Kirke (Swamp:3)
  3 thorn hunters
  Donald (Vaults:3)
  5 rockslimes
  4 draconian knights
  7 tengu reavers
  A fenstrider witch (Swamp:2)
  8 fire giants
  An iron dragon (Depths:3)
  8 frost giants
  3 emperor scorpions (Depths:3)
  A daeva (Zig:4)
  A quicksilver elemental (Zig:9)
  7 draconian scorchers
  6 deep elf sorcerers
  A balrug (Depths:3)
  23 vault wardens
  3 orc warlords
  15 ghouls
  3 ghost moths
  3 reapers
  4 curse skulls
  A caustic shrike zombie (Depths:1)
  3 draconian stormcallers
  8 stone giants
  A deep elf elementalist (Elf:3)
  3 draconian shifters
  7 draconian annihilators
  27 very ugly things
  21 ironbound preservers
  2 hydra skeletons
  2 quicksilver oozes (Slime:5)
  A spriggan defender (Depths:3)
  3 war gargoyles
  14 green draconians
  4 ironbound thunderhulks
  10 vampire knights
  A rockslime zombie (Crypt:1)
  19 black draconians
  5 deep elf demonologists (Elf:3)
  14 red draconians
  6 spark wasps
  3 bunyips (Swamp:4)
  2 entropy weavers
  12 purple draconians
  6 yellow draconians (Zot:4)
  5 eleionomae
  8 deep elf annihilators (Elf:3)
  12 dire elephants
  A bunyip (shapeshifter) (Depths:2)
  A minotaur (Lair:3)
  20 white draconians
  9 deep elf death magi
  A blizzard demon (Depths:1)
  5 eidola
  Snorg (D:13)
  2 crystal guardians
  An iron golem (Zig:1)
  The ghost of Riqior the Frost Mage, a journeyman GnIE of Vehumet (Lair:3)
  4 shambling mangroves
  7 jiangshi
  7 ettins
  4 deep elf high priests
  19 fire dragons
  13 yaktaur captains
  13 great orbs of eyes
  Fannar (D:10)
  3 rakshasas
  A quicksilver dragon skeleton (Crypt:3)
  A caustic shrike simulacrum (Zig:7)
  An ice dragon (shapeshifter) (Depths:3)
  8 salamander tyrants
  24 hydras
  36 vault guards
  3 boulder beetles
  2 peacekeepers
  4 ironbound frosthearts
  22 ice dragons
  2 ogre magi (Vaults:5)
  8 spriggan air magi
  9 spriggan skeletons (Crypt:3)
  11 two-headed ogres
  18 centaur warriors
  10 naga warriors
  An anaconda (shapeshifter) (Vaults:5)
  3 death knights
  4 catoblepae
  7 alligators
  10 anacondas
  6 shock serpents
  27 dancing weapons
  7 deep troll earth magi
  6 tengu warriors
  A fenstrider witch skeleton (Crypt:3)
  10 death yaks
  9 deep troll shamans
  9 vampire magi
  17 naga sharpshooters
  A titan zombie (Crypt:3)
  A spriggan berserker (Depths:2)
  3 soul eaters
  9 hell knights (Depths:2)
  A crystal echidna (Zig:9)
  An emperor scorpion zombie (Crypt:1)
  19 deep elf knights
  11 iron trolls
  A hell hog (Depths:3)
  5 goliath frogs
  A wretched star (Zig:4)
  51 skeletal warriors
  The ghost of Jingleheimer the Severer, a novice HOGl of Qazlal (D:7)
  A spark wasp zombie (Crypt:2)
  A sixfirhy (D:3)
  A shadow wraith (Crypt:3)
  The ghost of scisormetimb3rs the Fighter, a novice OgBe of Trog (D:6)
  A deep troll (shapeshifter) (Vaults:5)
  11 salamander mystics
  51 deep trolls
  A storm dragon skeleton (Crypt:3)
  6 spriggan druids
  6 glowing orange brains
  10 swamp dragons
  8 bog bodies
  A cherub (D:1)
  8 naga ritualists
  3 spectral hydras (Swamp:4)
  A shadow dragon zombie (Crypt:3)
  9 lindwurms
  10 deep elf archers
  5 harpies
  12 ironbound convokers
  10 necromancers
  32 deep elf pyromancers
  9 flayed ghosts
  13 orc knights
  6 wizards
  Pikel (D:7)
  A harpy (shapeshifter) (D:14)
  31 deep elf zephyrmancers
  6 mana vipers
  38 ugly things
  A stone giant zombie (Crypt:1)
  14 salamanders
  3 will-o-the-wisps
  3 wolf spiders (Depths:3)
  2 orc sorcerers
  4 cyclopes
  2 iron dragon zombies
  4 shining eyes
  11 phantasmal warriors
  36 moths of wrath
  A dire elephant zombie (Crypt:1)
  7 manticores
  A fire giant skeleton (Depths:1)
  14 vault sentinels
  2 ice statues (IceCv)
  A rust devil (Depths:1)
  6 guardian serpents
  8 torpor snails
  35 black mambas
  A centaur zombie (Crypt:1)
  3 smoke demons
  11 naga magi
  An orange demon (D:10)
  A shock serpent skeleton (Crypt:2)
  10 cane toads
  An eye of devastation (Slime:4)
  An unseen horror (D:10)
  A minotaur zombie (Crypt:1)
  3 gargoyles
  6 rime drakes
  2 naga skeletons (Crypt:3)
  A bunyip simulacrum (Crypt:1)
  An anaconda simulacrum (IceCv)
  An alligator snapping turtle skeleton (Crypt:3)
  11 komodo dragons
  6 tengu conjurers
  7 ice devils
  A hydra zombie (Swamp:4)
  34 yaktaurs
  4 kobold demonologists
  4 freezing wraiths
  A death yak skeleton (Crypt:3)
  An unseen horror skeleton (Crypt:2)
  A catoblepas skeleton (Crypt:2)
  A red devil (Depths:1)
  A harpy zombie (Crypt:1)
  A death drake zombie (Swamp:4)
  3 meliai
  A bloated husk (Swamp:2)
  A minotaur skeleton (Crypt:1)
  A red draconian skeleton (Crypt:2)
  12 tyrant leeches
  A satyr zombie (Crypt:3)
  5 polar bears (Lair:5)
  A sphinx simulacrum (Depths:1)
  A raiju (shapeshifter) (Elf:2)
  7 trolls
  3 harpy skeletons (Crypt:3)
  19 hornets
  A death drake skeleton (Swamp:4)
  9 blink frogs
  Grinder (D:5)
  A tengu simulacrum (Zig:7)
  A raiju (Zig:4)
  103 slime creatures
  An ettin zombie (Depths:1)
  A great orb of eyes zombie (Crypt:3)
  A frost giant simulacrum (Depths:1)
  A stone giant simulacrum (Depths:1)
  An air elemental (Elf:3)
  12 spriggans
  A culicivora (Vaults:2)
  A centaur simulacrum (D:14)
  5 dire elephant simulacra (IceCv)
  A vampire (D:13)
  9 flying skulls (Crypt:3)
  A shadow (D:10)
  3 ettin skeletons
  An ice dragon skeleton (Crypt:3)
  19 yaks
  A ynoxinul (Depths:4)
  4 water elementals
  4 fire elementals
  A black mamba skeleton (Crypt:3)
  9 wraiths
  3 wyverns
  2 basilisks
  4 golden eyes
  A death yak simulacrum (IceCv)
  5 redbacks
  3 chaos spawn
  5 steam dragons
  10 vampire mosquitoes
  3 harpy simulacra
  17 swamp worms
  8 wargs
  A demonspawn zombie (Crypt:3)
  5 acid dragons
  Edmund (D:6)
  32 nagas
  A deep troll zombie (Crypt:1)
  A human zombie (Depths:1)
  Duvessa (D:6)
  A glowing shapeshifter skeleton (Depths:1)
  7 hell hounds (Depths:2)
  A fire bat skeleton (Crypt:1)
  3 hydra simulacra
  11 water moccasins
  15 orc warriors
  Pargi (Sewer)
  An ice beast (Zig:5)
  3 black bears
  7 swamp drakes
  A black bear (shapeshifter) (D:15)
  A blink frog zombie (Crypt:1)
  An ettin simulacrum (Crypt:1)
  A boggart (Elf:1)
  A swamp dragon zombie (Swamp:4)
  10 wolves
  7 starcursed masses (Zig:4)
  A hog zombie (Crypt:1)
  22 ogres
  7 centaurs
  2 torpor snail zombies
  A lemure (D:7)
  A swamp dragon skeleton (Swamp:4)
  An elf zombie (Ossuary)
  6 kobold brigands
  A phantom (D:6)
  11 bullfrogs
  2 gnoll sergeants
  4 necrophages
  A two-headed ogre simulacrum (IceCv)
  2 scorpions
  3 earth elementals
  4 killer bees (D:10)
  10 vampire bats (Bailey)
  2 electric eels
  A howler monkey (D:9)
  6 wolf zombies (Bailey)
  4 jellies
  8 orc priests
  2 hounds
  2 centaur skeletons
  8 iguanas
  A basilisk skeleton (Crypt:1)
  Ijyb (D:5)
  13 orc wizards
  A polar bear simulacrum (IceCv)
  A spriggan simulacrum (IceCv)
  A deep dwarf skeleton (Crypt:3)
  3 mummies (Ossuary)
  23 gnolls
  5 adders
  A naga simulacrum (IceCv)
  2 river rats
  2 white imps (D:5)
  An adder skeleton (Crypt:3)
  An adder zombie (Ossuary)
  A worm (D:4)
  4 dart slugs
  42 orcs
  14 bats
  An endoplasm (D:4)
  3 giant cockroaches
  7 hobgoblins
  8 quokkas
  8 ball pythons
  3 frilled lizards
  8 goblins
  3 goblin zombies (Ossuary)
  5 hobgoblin zombies (Ossuary)
  24 kobolds
  3 kobold zombies (Ossuary)
  An orc skeleton (Crypt:1)
  18 orc zombies (Bailey)
  A quokka skeleton (Crypt:3)
  2 quokka zombies (Ossuary)
  4 rats
  3 rat zombies (Ossuary)
  2 briar patches (Swamp:2)
  A fungus (Depths:3)
  A plant (Depths:4)
2349 creatures vanquished.

Vanquished Creatures (collateral kills)
  A vampire knight (Swamp:4)
  A hydra (Lair:1)
  2 ogre magi (Orc:2)
  A catoblepas (Lair:2)
  2 two-headed ogres (Orc:2)
  A naga sharpshooter (Snake:1)
  2 swamp dragons (Swamp:4)
  A deep troll (Orc:2)
  2 flayed ghosts (Swamp:4)
  2 phantasmal warriors (Swamp:4)
  A spectral hydra (Swamp:4)
  A wizard (D:13)
  A necromancer (D:13)
  A manticore (D:13)
  A cyclops (Orc:2)
  A will-o-the-wisp (Swamp:4)
  A freezing wraith (Swamp:4)
  2 trolls (Orc:2)
  A hydra zombie (Swamp:4)
  A wyvern (Lair:2)
  A steam dragon (D:11)
  2 nagas (Snake:1)
  An acid dragon (D:11)
  A hydra simulacrum (Swamp:4)
  A swamp dragon zombie (Swamp:4)
  5 ogres (Orc:2)
37 creatures vanquished.

Vanquished Creatures (others)
  A draconian shifter (Zot:4)
  A hydra (Swamp:4)
  A deep troll (Vaults:4)
  A deep elf archer (Elf:2)
  A rime drake (Zig:7)
  A bloated husk (Swamp:3)
  5 humans (Swamp:4)
  A howler monkey (D:5)
  2 briar patches (Swamp:2)
  A bush (Lair:3)
  14 foxfires
  29 fungi
  98 plants
156 creatures vanquished.

Grand Total: 2542 creatures vanquished

Notes
Turn   | Place    | Note
-------+----------+-------------------------------------------
     0 | D:1      | TittyCrusher the Demonspawn Gladiator began the quest for
                  | the Orb.
     0 | D:1      | Reached XP level 1. HP: 16/16 MP: 1/1
   167 | D:1      | Gained mutation: You are partially covered in sharp spines.
                  | [demonic ancestry]
   167 | D:1      | Reached XP level 2. HP: 18/22 MP: 2/2
   495 | D:1      | Found a faded altar of an unknown god.
  1417 | D:2      | Found Zumpoh's Jewellery Emporium.
  1422 | D:2      | Gained mutation: A meltable shield of frost defends you.
                  | (SH +4) [demonic ancestry]
  1422 | D:2      | Reached XP level 3. HP: 27/27 MP: 3/3
  1992 | D:2      | Gained mutation: A meltable icy envelope protects you from
                  | harm. (AC +8) [demonic ancestry]
  1992 | D:2      | Reached XP level 4. HP: 20/33 MP: 4/4
  2558 | D:3      | Found a transporter.
  2780 | D:3      | Identified the +5 spear "Cebral" {vorpal, Str+4}
  2847 | D:3      | Reached skill level 5 in Maces & Flails
  2858 | D:3      | Found a transporter.
  3095 | D:3      | Found an iron altar of Okawaru.
  3321 | D:4      | Found a staircase to the Ecumenical Temple.
  3329 | Temple   | Entered the Ecumenical Temple
  3464 | Temple   | Became a worshipper of Makhleb the Destroyer
  3629 | D:4      | Reached XP level 5. HP: 24/38 MP: 5/5
  3637 | D:4      | Found a glowing drain.
  3720 | Sewer    | Entered a sewer
  3742 | Sewer    | Noticed Pargi
  3748 | Sewer    | Killed Pargi
  3941 | D:4      | Gained mutation: You have sharp fingernails. [demonic
                  | ancestry]
  3941 | D:4      | Reached XP level 6. HP: 37/44 MP: 6/6
  4707 | D:5      | Entered Level 5 of the Dungeon
  4734 | D:5      | Noticed Ijyb
  4746 | D:5      | Killed Ijyb
  5058 | D:5      | Gained mutation: You have very sharp fingernails. [demonic
                  | ancestry]
  5058 | D:5      | Reached XP level 7. HP: 50/50 MP: 7/7
  5088 | D:5      | Reached * piety under Makhleb
  5186 | D:5      | Noticed a steam dragon
  5363 | D:5      | Killed a steam dragon
  5565 | D:5      | Noticed Grinder
  5635 | D:6      | Noticed a steam dragon
  5645 | D:6      | Killed a steam dragon
  5669 | D:6      | Noticed a steam dragon
  5939 | D:6      | Reached XP level 8. HP: 56/56 MP: 8/8
  5940 | D:6      | Found a transporter.
  5941 | D:6      | Noticed scisormetimb3rs's ghost (novice OgBe)
  5942 | D:6      | Found a transporter.
  5952 | D:6      | Identified the +8 great mace of the Whelk {drain, rPois
                  | Will++}
  5952 | D:6      | Identified the +1 giant club "Jellyslayer" {drain, *Corrode
                  | rPois rN+++ Stlth-}
  5952 | D:6      | Noticed a two-headed ogre
  6141 | D:6      | Noticed Duvessa
  6143 | D:6      | Noticed Dowan
  6316 | D:6      | Killed Duvessa
  6317 | D:6      | Reached skill level 10 in Maces & Flails
  6451 | D:6      | Noticed Dowan
  6451 | D:6      | Dowan changed into Dowan the quokka
  6457 | D:6      | Killed Dowan the quokka
  6505 | D:6      | Found a hazy altar of Hepliaklqana.
  6558 | D:6      | Noticed Edmund
  6599 | D:6      | Killed Edmund
  6870 | D:2      | Bought a +6 ring of dexterity for 360 gold pieces
  7172 | D:5      | Found a sacrificial altar of Ru.
  7292 | D:6      | Reached ** piety under Makhleb
  7598 | D:7      | Found a runed translucent door.
  7598 | D:7      | Noticed Jingleheimer's ghost (novice HOGl)
  7629 | D:7      | Reached XP level 9. HP: 61/61 MP: 9/9
  7655 | D:7      | Noticed Maggie
  7666 | D:7      | Noticed Maggie
  7666 | D:7      | Maggie changed into Maggie the wyvern
  7672 | D:7      | Killed Maggie the wyvern
  7945 | D:7      | Noticed Pikel
  7972 | D:7      | Killed Pikel
  8550 | D:8      | Found Keowk's Overcharged Wands.
  8605 | D:8      | Found a sand-covered staircase.
  8613 | Ossuary  | Entered an ossuary
  8732 | Ossuary  | Reached *** piety under Makhleb
  9393 | D:9      | Found a flagged portal.
  9403 | Bailey   | Entered a bailey
  9569 | Bailey   | Gained mutation: Potions are less effective at restoring
                  | your health. [potion of mutation]
  9569 | Bailey   | Gained mutation: Your spells are a little harder to cast,
                  | but a little more powerful. [potion of mutation]
  9569 | Bailey   | Gained mutation: You are resistant to electric shocks.
                  | (rElec) [potion of mutation]
  9883 | Bailey   | Noticed a gargoyle
  9890 | Bailey   | Killed a gargoyle
  9890 | Bailey   | Reached **** piety under Makhleb
  9891 | Bailey   | Gained mutation: You are mostly covered in sharp spines.
                  | [demonic ancestry]
  9891 | Bailey   | Reached XP level 10. HP: 67/67 MP: 10/10
 10969 | D:10     | Entered Level 10 of the Dungeon
 11019 | D:10     | Noticed a gargoyle
 11137 | D:10     | Killed a gargoyle
 11203 | D:10     | Found a basalt altar of Yredelemnul.
 11235 | D:10     | Noticed an obsidian statue
 11349 | D:10     | Noticed a two-headed ogre
 11360 | D:10     | Killed a two-headed ogre
 11361 | D:10     | Reached skill level 3 in Fighting
 11386 | D:10     | Found a shimmering altar of Xom.
 11387 | D:10     | Found a shimmering altar of Xom.
 11387 | D:10     | Found a shimmering altar of Xom.
 11387 | D:10     | Found a shimmering altar of Xom.
 11444 | D:10     | Reached skill level 4 in Fighting
 11493 | D:10     | Noticed a death drake
 11493 | D:10     | a blink frog changed into a death drake
 11726 | D:10     | Reached skill level 5 in Fighting
 11809 | D:10     | Noticed a faun
 11809 | D:10     | Noticed a shining eye
 11810 | D:10     | a shining eye changed into a slime creature
 11915 | D:10     | Noticed an angel
 12162 | D:2      | Bought a ring of protection from fire for 250 gold pieces
 12376 | D:11     | Noticed Fannar
 12417 | D:10     | Noticed a water nymph
 12417 | D:10     | Noticed a great orb of eyes
 12443 | D:10     | Killed Fannar
 12444 | D:10     | Reached skill level 6 in Fighting
 12444 | D:10     | Noticed a broodmother
 12478 | D:10     | Noticed an elephant
 12478 | D:10     | a water nymph changed into an elephant
 12482 | D:10     | Noticed a goliath frog
 12482 | D:10     | a broodmother changed into a goliath frog
 12511 | D:10     | Noticed a great orb of eyes
 12511 | D:10     | a goliath frog changed into a great orb of eyes
 12544 | D:10     | a great orb of eyes changed into something unseen
 12546 | D:10     | Noticed a sea snake
 12546 | D:10     | an elephant changed into a sea snake
 12582 | D:10     | Noticed a radroach
 12583 | D:10     | Noticed a mana viper
 12583 | D:10     | a sea snake changed into a mana viper
 12648 | D:11     | Reached skill level 7 in Fighting
 12717 | D:11     | Identified the +1 falchion "Ywyxit" {freeze, *Noise Str+3}
 13098 | D:11     | Found a staircase to the Orcish Mines.
 13185 | D:11     | Reached skill level 1 in Armour
 13185 | D:11     | Reached XP level 11. HP: 84/84 MP: 13/13
 13492 | D:11     | Found a staircase to the Lair.
 13523 | Lair:1   | Entered Level 1 of the Lair of Beasts
 14107 | Lair:1   | Noticed a five-headed hydra
 14388 | Lair:1   | Lost mutation: Your spells are a little harder to cast, but
                  | a little more powerful. [potion of mutation]
 14388 | Lair:1   | Lost mutation: Potions are less effective at restoring your
                  | health. [potion of mutation]
 14388 | Lair:1   | Lost mutation: You are resistant to electric shocks.
                  | (rElec) [potion of mutation]
 14388 | Lair:1   | Gained mutation: You are weak. (Str -2) [potion of
                  | mutation]
 14388 | Lair:1   | Gained mutation: You are frail. (-10% HP) [potion of
                  | mutation]
 14388 | Lair:1   | Gained mutation: You have very sharp teeth. [potion of
                  | mutation]
 14388 | Lair:1   | Gained mutation: You are partially covered in large bone
                  | plates. (SH +4) [potion of mutation]
 14465 | Lair:1   | Killed a five-headed hydra
 14591 | Lair:1   | You fall into a shaft and drop 1 floor!
 14805 | Lair:1   | Reached skill level 5 in Dodging
 15348 | Lair:2   | Noticed a catoblepas
 15363 | Lair:2   | Killed a catoblepas
 16070 | Lair:2   | Identified a scroll of acquirement
 16071 | Lair:2   | Acquired the +1 cloak of Weirdness {Rampage +Inv rElec
                  | Str+4}
 16144 | Lair:2   | Gained mutation: A meltable icy envelope protects you from
                  | harm. (AC +8) [demonic ancestry]
 16144 | Lair:2   | Reached XP level 12. HP: 70/81 MP: 15/15
 16203 | Lair:2   | Found a staircase to the Swamp.
 16627 | Lair:3   | Noticed a death yak
 16627 | Lair:3   | Noticed a death yak
 16627 | Lair:3   | Noticed a death yak
 16627 | Lair:3   | Noticed a death yak
 16655 | Lair:2   | Killed a death yak
 16743 | Lair:2   | Killed a death yak
 16744 | Lair:2   | Reached skill level 10 in Dodging
 16755 | Lair:3   | Noticed a death yak
 16778 | Lair:2   | Killed a death yak
 16863 | Lair:2   | Killed a death yak
 16875 | Lair:2   | Killed a death yak
 16907 | Lair:3   | Noticed a six-headed hydra
 16919 | Lair:3   | Killed a six-headed hydra
 16993 | Lair:3   | Identified the +7 chain mail of the Saviour {rElec Will+
                  | Str-4 Dex+4}
 17147 | Lair:3   | Found a runed translucent gate.
 17148 | Lair:3   | Found a runed translucent gate.
 17150 | Lair:3   | Found a runed translucent gate.
 17150 | Lair:3   | Noticed a death yak
 17152 | Lair:3   | Noticed a minotaur
 17152 | Lair:3   | Noticed Riqior's ghost (journeyman GnIE)
 17206 | Lair:3   | Found a staircase to the Snake Pit.
 17242 | Lair:3   | Noticed a six-headed hydra
 17257 | Lair:3   | Killed a six-headed hydra
 17790 | Lair:4   | Noticed a six-headed hydra
 17799 | Lair:4   | Killed a six-headed hydra
 17898 | Lair:4   | Reached skill level 15 in Maces & Flails
 17981 | Lair:4   | Reached XP level 13. HP: 86/86 MP: 16/16
 18430 | Lair:5   | Entered Level 5 of the Lair of Beasts
 18469 | Lair:5   | Found a frozen archway.
 18550 | IceCv    | Entered an ice cave
 18625 | IceCv    | Reached ***** piety under Makhleb
 19069 | IceCv    | Reached skill level 5 in Invocations
 19733 | Lair:5   | Found a staircase to the Slime Pits.
 20363 | Lair:5   | Reached skill level 10 in Invocations
 20594 | Lair:5   | Found a runed translucent door.
 21198 | Lair:5   | Paralysed by a hornet for 3 turns
 21286 | Lair:5   | Reached skill level 5 in Armour
 21540 | Lair:5   | Noticed a fire dragon
 22147 | D:5      | Killed Grinder
 22148 | D:5      | Reached XP level 14. HP: 92/92 MP: 22/22
 22231 | D:2      | Bought a +6 ring of strength for 360 gold pieces
 22888 | D:12     | You fall into a shaft and drop 3 floors!
 22888 | D:15     | Entered Level 15 of the Dungeon
 23156 | D:13     | Found a gate to the Vaults.
 23460 | D:13     | Identified the +7 plate armour of the Ageless Coins {Str+10
                  | Int-5 Dex+4}
 24024 | D:13     | Noticed Snorg
 24039 | D:13     | Killed Snorg
 24313 | D:14     | Found an opulent altar of Gozag.
 25345 | D:13     | Reached skill level 15 in Invocations
 25707 | D:15     | Reached skill level 8 in Fighting
 25986 | D:15     | Reached skill level 9 in Fighting
 26495 | D:15     | Reached ****** piety under Makhleb
 26528 | D:15     | Gained mutation: You are completely covered in sharp
                  | spines. [demonic ancestry]
 26528 | D:15     | Reached XP level 15. HP: 102/102 MP: 26/26
 27330 | D:15     | Found a staircase to the Depths.
 27488 | D:15     | Identified the +8 plate armour of Eternal Vigilance {Dex+2
                  | Slay+2}
 27488 | D:15     | Identified the ring of Zunyf {Fire rN+}
 27764 | D:15     | Identified the ring "Deps" {Fire Will- Dex+3 Stlth+}
 28192 | Orc:1    | Entered Level 1 of the Orcish Mines
 28273 | Orc:2    | Entered Level 2 of the Orcish Mines
 28641 | Orc:2    | Found a staircase to the Elven Halls.
 29064 | Orc:2    | Found Qify's Distillery.
 29067 | Orc:2    | Found Hemerebe's Armour Boutique.
 29070 | Orc:2    | Found Baitamy's Antique Armour Emporium.
 29077 | Orc:2    | Found Reethut's Magic Scroll Shop.
 29663 | Orc:2    | Bought a +1 cloak of poison resistance for 175 gold pieces
 29684 | Orc:2    | Bought a potion of curing for 45 gold pieces
 29684 | Orc:2    | Bought a potion of might for 60 gold pieces
 29694 | Orc:2    | Bought a scroll of enchant weapon for 82 gold pieces
 29694 | Orc:2    | Bought a scroll of magic mapping for 82 gold pieces
 29694 | Orc:2    | Bought a scroll of blinking for 82 gold pieces
 29694 | Orc:2    | Bought a scroll of magic mapping for 82 gold pieces
 29694 | Orc:2    | Bought a scroll of blinking for 82 gold pieces
 29916 | Snake:1  | Entered Level 1 of the Snake Pit
 30069 | Snake:1  | Found a transporter.
 30073 | Snake:1  | Found a shimmering blue altar of Sif Muna.
 30230 | Snake:1  | Identified the +3 arbalest of Reinforcement {vorpal, MP+9}
 30274 | Snake:1  | Noticed a nagaraja
 30277 | Snake:1  | Noticed a nagaraja
 30368 | Snake:1  | Reached skill level 1 in Axes
 30552 | Snake:1  | Noticed a nagaraja
 30555 | Snake:1  | Noticed a nagaraja
 30597 | Snake:1  | Identified the +1 helmet "Nankeuwn" {Harm Will+ Stlth+}
 30878 | Snake:2  | Gained mutation: You are partially covered in molten
                  | scales. (AC +2) [demonic ancestry]
 30878 | Snake:2  | Reached XP level 16. HP: 107/108 MP: 27/27
 31097 | Snake:2  | Reached skill level 5 in Axes
 33528 | D:2      | Bought an amulet of guardian spirit for 300 gold pieces
 34281 | Snake:4  | Entered Level 4 of the Snake Pit
 34376 | Snake:4  | Found Zeffos's Armour Shoppe.
 34412 | Snake:4  | Found Asyso's General Store.
 34421 | Snake:4  | Bought a scroll of blinking for 112 gold pieces
 34421 | Snake:4  | Bought a potion of magic for 120 gold pieces
 34421 | Snake:4  | Bought a potion of curing for 45 gold pieces
 34421 | Snake:4  | Bought a scroll of blinking for 112 gold pieces
 34428 | Snake:4  | Found Lowerph's Distillery.
 34458 | Snake:4  | Bought a potion of might for 64 gold pieces
 34458 | Snake:4  | Bought a potion of curing for 48 gold pieces
 34458 | Snake:4  | Bought a potion of curing for 48 gold pieces
 34458 | Snake:4  | Bought a potion of resistance for 160 gold pieces
 35298 | Snake:4  | Found Usoss's Distillery.
 35304 | Snake:4  | Found Caurhefoj's Antique Weapon Shoppe.
 35318 | Snake:4  | Bought a pitted battleaxe for 402 gold pieces
 35318 | Snake:4  | Identified the +12 battleaxe of the Smoking Gnat {flame,
                  | Fly rF+} (You bought it in a shop on level 4 of the Snake
                  | Pit)
 35342 | Snake:4  | Reached skill level 10 in Axes
 35510 | Snake:4  | Found Eczilidgh's Distillery.
 35676 | Snake:4  | Found Lojuph's Armour Emporium.
 36580 | Snake:4  | Gained mutation: You are mostly covered in molten scales.
                  | (AC +3) [demonic ancestry]
 36580 | Snake:4  | Reached XP level 17. HP: 113/113 MP: 26/28
 36643 | Snake:4  | Got a serpentine rune of Zot
 36843 | Swamp:1  | Entered Level 1 of the Swamp
 36892 | Swamp:1  | Noticed Jorgrun
 37062 | Swamp:2  | Paralysed by a fenstrider witch for 2 turns
 38882 | Swamp:4  | Entered Level 4 of the Swamp
 38882 | Swamp:4  | Noticed Kirke
 38893 | Swamp:3  | Killed Kirke
 40116 | Vaults:1 | Entered Level 1 of the Vaults
 40209 | Vaults:1 | Reached XP level 18. HP: 116/120 MP: 24/31
 41092 | Vaults:1 | Reached skill level 10 in Fighting
 41186 | Vaults:1 | Identified the +1 ring mail of Fedhas's Hope {*Slow rElec
                  | rCorr}
 41275 | Vaults:1 | Reached skill level 11 in Fighting
 41453 | Vaults:1 | Reached skill level 12 in Fighting
 41785 | Vaults:1 | Reached skill level 13 in Fighting
 42185 | Vaults:2 | Lost mutation: You are partially covered in large bone
                  | plates. (SH +4) [potion of mutation]
 42185 | Vaults:2 | Lost mutation: You are weak. (Str -2) [potion of mutation]
 42185 | Vaults:2 | Lost mutation: You have very sharp teeth. [potion of
                  | mutation]
 42185 | Vaults:2 | Gained mutation: You are strong-willed. (Will+) [potion of
                  | mutation]
 42354 | Vaults:2 | Reached skill level 14 in Fighting
 42564 | Vaults:2 | Found a staircase to the Crypt.
 42691 | Vaults:2 | Found Joinkiph's Magic Scroll Emporium.
 42694 | Vaults:2 | Found Folyhaf's Antique Armour Shop.
 42705 | Vaults:2 | Bought a pair of embroidered boots for 307 gold pieces
 42946 | Vaults:2 | Found Pudwa's Jewellery Boutique.
 42949 | Vaults:2 | Found Lyamo's Assorted Antiques.
 42959 | Vaults:2 | Bought a scroll of blinking for 262 gold pieces
 43430 | Vaults:2 | Reached skill level 15 in Fighting
 43856 | Vaults:3 | Gained mutation: You have claws for hands. [demonic
                  | ancestry]
 43856 | Vaults:3 | Reached XP level 19. HP: 132/140 MP: 29/32
 43915 | Vaults:3 | Noticed Donald
 43925 | Vaults:3 | Killed Donald
 43949 | Vaults:3 | Found Appub's Distillery.
 43963 | Vaults:3 | Reached skill level 16 in Fighting
 43971 | Vaults:3 | Found Dex Veown's Armour Shop.
 43971 | Vaults:3 | Found Ifruyr's Book Shop.
 44662 | Elf:1    | Entered Level 1 of the Elven Halls
 44735 | Elf:1    | Found Zedol's Antique Weapon Emporium.
 44812 | Elf:1    | Reached skill level 17 in Fighting
 45982 | Elf:2    | Reached skill level 18 in Fighting
 46217 | Elf:2    | Found a runed translucent gate.
 46217 | Elf:2    | Found a runed translucent gate.
 46217 | Elf:2    | Found a runed translucent gate.
 46532 | Elf:2    | Reached skill level 19 in Fighting
 46977 | Elf:3    | Entered Level 3 of the Elven Halls
 47158 | Elf:3    | Gained mutation: Your magical and physical power is
                  | slightly enhanced at high health. [demonic ancestry]
 47158 | Elf:3    | Reached XP level 20. HP: 150/156 MP: 30/33
 47710 | Elf:3    | Identified the amulet "Faceok" {Reflect rF+ rN+ Int-4 SH+5}
 47734 | Elf:3    | Identified the ring "Gaudawk" {rC+ rN++ Will- rCorr Stlth+}
 47940 | Elf:3    | Reached skill level 20 in Fighting
 47982 | Elf:3    | Paralysed by an air elemental for 1 turns
 48278 | Elf:3    | Identified the +2 robe of the Sky {Stlth+}
 48342 | Elf:3    | Identified the +1 scale mail of the Dice {rC+ Regen+ Int-3}
 48408 | Elf:3    | Got Reqeor's Catalogue of Wicked Secrets and the Arsonist
 49060 | Swamp:1  | Killed Jorgrun
 49436 | Swamp:4  | Reached skill level 21 in Fighting
 49705 | Swamp:4  | Identified the amulet "Boefasch" {Faith Dex+3}
 49741 | Swamp:4  | Found a blossoming altar of Fedhas.
 49773 | Swamp:4  | Found a basalt altar of Yredelemnul.
 49787 | Swamp:4  | Got a decaying rune of Zot
 50211 | Vaults:3 | Bought a manual of Axes for 1280 gold pieces
 50535 | Vaults:3 | Reached skill level 15 in Axes
 50535 | Vaults:3 | Gained mutation: Your magical and physical power is
                  | enhanced at high health. [demonic ancestry]
 50535 | Vaults:3 | Reached XP level 21. HP: 165/165 MP: 34/34
 50909 | Vaults:3 | Identified the +2 robe of Muas {rElec}
 51781 | Vaults:4 | Reached XP level 22. HP: 174/174 MP: 35/35
 52527 | Crypt:1  | Entered Level 1 of the Crypt
 52873 | D:2      | Bought a ring of positive energy for 200 gold pieces
 53376 | Crypt:1  | Reached skill level 10 in Armour
 54746 | Crypt:2  | Got Sif Muna's Handbook of Breath
 55067 | Crypt:3  | Entered Level 3 of the Crypt
 55214 | Crypt:3  | Found a staircase to the Tomb.
 55398 | Crypt:3  | Found an ancient bone altar of Kikubaaqudgha.
 55697 | Crypt:3  | Reached XP level 23. HP: 159/180 MP: 26/36
 55735 | Crypt:3  | Reached skill level 15 in Armour
 55833 | Crypt:3  | Noticed an ancient lich
 55851 | Crypt:3  | Killed an ancient lich
 56486 | Depths:1 | Entered Level 1 of the Depths
 56727 | Depths:1 | Identified the +4 falchion "Kienient" {flame, *Slow Str+3
                  | Int+2 Stlth+}
 56786 | Depths:1 | Found an ancient bone altar of Kikubaaqudgha.
 56930 | Depths:1 | Found a portal to a secret trove of treasure.
 56989 | Depths:1 | Found a gateway to Hell.
 57102 | Depths:1 | Found a one-way gate leading to the halls of Pandemonium.
 57758 | Depths:2 | Found Duney's Assorted Antiques.
 58292 | Depths:2 | Reached skill level 15 in Dodging
 58303 | Depths:2 | You are sucked into a shaft and drop 2 floors!
 58303 | Depths:4 | Entered Level 4 of the Depths
 58364 | Depths:4 | Found a gate to the Realm of Zot.
 58479 | Depths:4 | Identified the +5 rapier of Iwuroozxeps {pain, rF+}
 58513 | Depths:4 | Reached skill level 1 in Evocations
 58513 | Depths:4 | Gained mutation: Your magical and physical power is greatly
                  | enhanced at high health. [demonic ancestry]
 58513 | Depths:4 | Reached XP level 24. HP: 160/187 MP: 28/36
 58845 | Depths:4 | Reached skill level 5 in Evocations
 59040 | Depths:4 | Found an iron altar of Okawaru.
 59061 | Depths:4 | Noticed Grunn
 59072 | Depths:4 | Killed Grunn
 59169 | Depths:4 | Reached skill level 22 in Fighting
 59462 | Depths:4 | Found a transporter.
 59462 | Depths:4 | Found a transporter.
 59482 | Depths:4 | Noticed Utor Aju's ghost (adept MiHu)
 59482 | Depths:4 | Noticed frimble's ghost (adept DsGl)
 59482 | Depths:4 | Noticed hurricos's ghost (veteran TeBe)
 59798 | Depths:4 | Found a one-way gateway to a ziggurat.
 60309 | Depths:3 | Reached skill level 23 in Fighting
 60341 | Depths:3 | Found a one-way gate to the infinite horrors of the Abyss.
 60610 | Depths:3 | Noticed Vv
 60938 | Depths:3 | Killed Vv
 61734 | Depths:3 | Reached skill level 24 in Fighting
 62009 | Depths:2 | Reached XP level 25. HP: 200/202 MP: 31/36
 62391 | Slime:1  | Entered Level 1 of the Pits of Slime
 62542 | Slime:5  | Entered Level 5 of the Pits of Slime
 62603 | Slime:5  | Reached skill level 25 in Fighting
 62622 | Slime:5  | Noticed the Royal Jelly
 62743 | Slime:5  | Gained mutation: You are very frail. (-20% HP) [a shining
                  | eye]
 62762 | Slime:5  | Lost mutation: You are strong-willed. (Will+) [potion of
                  | mutation]
 62762 | Slime:5  | Lost mutation: You are very frail. (-20% HP) [potion of
                  | mutation]
 62762 | Slime:5  | Gained mutation: You have a somewhat thin skeletal
                  | structure. (Dex +2, Stealth+) [potion of mutation]
 62789 | Slime:5  | Found a viscous altar of Jiyva.
 62793 | Slime:5  | Found the +3 warlock's mirror {reflect}
 62858 | Slime:5  | Killed the Royal Jelly
 62898 | Slime:5  | Got a slimy rune of Zot
 62949 | Slime:5  | Got Kotus's Treatise on Despicable Rituals and Guile
 62998 | Slime:5  | Acquired the ring "Qaecs" {rF+ Will+ Str+4}
 63412 | D:6      | Killed scisormetimb3rs's ghost
 63458 | D:7      | Killed Jingleheimer's ghost
 63743 | Lair:3   | Killed Riqior's ghost
 63836 | Snake:1  | Found a transporter.
 64602 | Vaults:5 | Entered Level 5 of the Vaults
 64606 | Vaults:5 | Reached skill level 26 in Fighting
 64649 | Vaults:5 | Reached skill level 27 in Fighting
 64688 | Vaults:5 | Noticed an ancient lich
 64692 | Vaults:5 | Noticed a dread lich
 64700 | Vaults:5 | Killed an ancient lich
 64711 | Vaults:5 | Killed a dread lich
 64806 | Vaults:5 | Gained mutation: You are completely covered in molten
                  | scales. (AC +4, rF+) [demonic ancestry]
 64806 | Vaults:5 | Reached XP level 26. HP: 217/217 MP: 18/36
 64895 | Vaults:5 | Identified the +1 pair of gloves of Wrong Decisions {Harm}
 65092 | Vaults:5 | Identified the ring of Propriety {rF+ EV+4 Dex+3}
 65105 | Vaults:5 | Acquired the +3 pair of mountain boots {steadfast, rC+}
 65105 | Vaults:5 | Found the +3 pair of mountain boots {steadfast, rC+}
 65149 | Vaults:5 | Identified the +6 whip of Gluttony {venom, rC+}
 65637 | Vaults:5 | Got a silver rune of Zot
 65689 | Vaults:5 | Identified the +0 falchion "Pouj" {speed, Str+4}
 66200 | Zot:1    | Entered Level 1 of the Realm of Zot
 66208 | Zot:1    | Reached skill level 1 in Staves
 66223 | Zot:1    | Reached skill level 1 in Unarmed Combat
 66448 | Zot:1    | Reached skill level 5 in Staves
 68209 | Orc:2    | Bought a scroll of teleportation for 33 gold pieces
 68533 | Snake:4  | Bought a potion of berserk rage for 95 gold pieces
 68533 | Snake:4  | Bought a potion of curing for 57 gold pieces
 68533 | Snake:4  | Bought a potion of haste for 190 gold pieces
 68533 | Snake:4  | Bought a potion of haste for 190 gold pieces
 68533 | Snake:4  | Bought a potion of berserk rage for 95 gold pieces
 68533 | Snake:4  | Bought 2 potions of haste for 380 gold pieces
 68533 | Snake:4  | Bought a potion of mutation for 152 gold pieces
 68989 | Vaults:3 | Bought a potion of curing for 60 gold pieces
 68989 | Vaults:3 | Bought a potion of haste for 200 gold pieces
 68989 | Vaults:3 | Bought a potion of haste for 200 gold pieces
 68989 | Vaults:3 | Bought a potion of heal wounds for 100 gold pieces
 68989 | Vaults:3 | Bought a potion of curing for 60 gold pieces
 68989 | Vaults:3 | Bought a potion of heal wounds for 100 gold pieces
 69071 | Vaults:2 | Bought a scroll of teleportation for 66 gold pieces
 69071 | Vaults:2 | Bought a scroll of teleportation for 66 gold pieces
 69491 | Snake:4  | Bought a potion of heal wounds for 90 gold pieces
 69491 | Snake:4  | Bought a potion of heal wounds for 90 gold pieces
 69491 | Snake:4  | Bought a potion of invisibility for 144 gold pieces
 69491 | Snake:4  | Bought 2 potions of curing for 108 gold pieces
 70107 | Zig:1    | Entered Level 1 of a ziggurat
 70225 | Zig:2    | Entered Level 2 of a ziggurat
 70241 | Zig:3    | Entered Level 3 of a ziggurat
 70272 | Zig:4    | Entered Level 4 of a ziggurat
 70297 | Zig:5    | Entered Level 5 of a ziggurat
 70456 | Zig:6    | Entered Level 6 of a ziggurat
 70461 | Zig:6    | Noticed an ancient lich
 70480 | Zig:6    | Killed an ancient lich
 70522 | Zig:7    | Entered Level 7 of a ziggurat
 70544 | Zig:7    | Identified the amulet "Bokkak" {Faith rF+ rN+}
 70588 | Zig:8    | Entered Level 8 of a ziggurat
 70600 | Zig:8    | Reached XP level 27. HP: 224/224 MP: 36/36
 70649 | Zig:9    | Entered Level 9 of a ziggurat
 70672 | Zig:9    | Identified the +3 arbalest of the Candle {venom, rElec
                  | Int-2 Dex+3}
 72107 | Zot:4    | Found a transporter.
 72481 | Zot:4    | Found a transporter.
 72481 | Zot:4    | Found a transporter.
 72483 | Zot:4    | Found a transporter.
 72750 | Zot:5    | Entered Level 5 of the Realm of Zot
 73128 | Zot:5    | Noticed an ancient lich
 73138 | Zot:5    | Killed an ancient lich
 73139 | Zot:5    | Noticed an orb of fire
 73148 | Zot:5    | Killed an orb of fire
 73436 | Zot:5    | Noticed an orb of fire
 73438 | Zot:5    | Noticed an orb of fire
 73441 | Zot:5    | Noticed an ancient lich
 73445 | Zot:5    | Noticed an ancient lich
 73446 | Zot:5    | Killed an ancient lich
 73446 | Zot:5    | Noticed an ancient lich
 73456 | Zot:5    | Killed an orb of fire
 73459 | Zot:5    | Killed an ancient lich
 73463 | Zot:5    | Killed an orb of fire
 73474 | Zot:5    | Killed an ancient lich
 73526 | Zot:5    | Got the Orb of Zot
 74306 | D:$      | Escaped with the Orb!

Illustrated notes

Levels and vault maps discovered:
D:1:      kennysheep_arrival_seaside, layout_rooms, serial_co_window_serial,
          co_window_cross_1, co_window_paths_b, co_window_of_opportunity_a,
          co_window_cross_1, co_window_cross_1, co_window_corner_a,
          co_window_corner_a, co_window_broadway_c, co_window_broadway_b,
          co_window_corner_b, co_window_paths_d, glass_columns_a,
          glass_columns_c, hellmonk_ecumenical_altar_run_dry
D:2:      layout_loops_corners, serial_shops, nicolae_shop_hallway_plus
D:3:      gammafunk_steamed_eel, layout_rooms, marbit_many_paths, zin_statuary
D:4:      layout_cave_pods, elyvilon_altar_5, minmay_temple_entry_wispy,
          gup_sewer_entry_bubbles
D:5:      layout_rooms, nicolae_ru_the_path_less_chosen, serial_demonic,
          serial_demonic_a, serial_demonic_a, serial_demonic_b,
          serial_demonic_c, nrook_mini_backslash, uniq_grinder, uniq_ijyb
D:6:      layout_basic, nzn_hepliaklqana_mist_gate, gammafunk_ghost_smash,
          uniq_duvessa, uniq_edmund
D:7:      layout_loops_ring, hellmonk_ghost_happy_afterlife,
          minmay_stone_trees_small, chequers_serial_rivers_large_b, uniq_maggie,
          uniq_pikel
D:8:      layout_basic, chequers_ossuary_entry_cave,
          nicolae_shop_overcharged_wands
D:9:      layout_loops_ring, enter_bailey_8, grunt_decor_cap, kennysheep_donut
D:10:     layout_loops_cross, grunt_temple_overflow_holy_war, xom_shifter_show,
          minmay_protected_statue
D:11:     layout_cross, erik_lair_dragon, orc_0_dummy, uniq_fannar
D:12:     layout_loops_ring
D:13:     layout_stronghold, david_vaults_1, uniq_snorg
D:14:     layout_irregular_city, minivault_11, grunt_gozag_statues
D:15:     grunt_enter_depths_hoard, layout_stronghold, chequers_big_river,
          minmay_the_grid_square_5x5_3x3_mashed
          [minmay_the_grid_square_5x5_minimal,
          minmay_the_grid_square_5x5_bridge, minmay_the_grid_square_5x5_percent,
          minmay_the_grid_square_5x5_six_small,
          minmay_the_grid_square_5x5_megaprize_checkered,
          minmay_the_grid_square_5x5_eight_small,
          minmay_the_grid_square_5x5_moneybag,
          minmay_the_grid_square_5x5_two_walls_a, minmay_the_grid_square_5x5_n]
Temple:   minmay_temple_curvy_branch
Lair:1:   layout_roguey
Lair:2:   layout_layer_cave, minmay_swamp_entry_worms
Lair:3:   layout_chaotic_city, dummy_snake_entry,
          maelrawn_ghost_gauntlet_escape, pond, serial_bayou_shore_a
Lair:4:   layout_misc_corridors, infiniplex_staircase_pool_2, grunt_megastairs_3
Lair:5:   wormcave, layout_regular_city, guppyfry_lair_end_dragon,
          slime_entry_1, portal_ice_cave_entry_animals_and_master
Swamp:1:  nicolae_swamp_ascending_descending_big, layout_falls_marsh,
          evilmike_swamp_ruin_house_1, swamp_pool4, infiniplex_staircase_pool,
          uniq_jorgrun
Swamp:2:  layout_basic_swamp, hangedman_swamp_ruin_wall
Swamp:3:  layout_falls_marsh, evilmike_swamp_ruin_house_6, swamp_pool5,
          nicolae_swamp_triple_paths
Swamp:4:  byrel_swamp_growth_death_and_undeath, layout_basic_swamp, uniq_kirke
Snake:1:  gammafunk_sealed_library, layout_rooms, fake_guardian_serpent_vault
Snake:2:  layout_onion
Snake:3:  layout_grid_maze
Snake:4:  johnstein_snake_rune_scales, layout_cave_town, serial_shops,
          nicolae_shop_statue_plus, nicolae_shop_hallway_stairs, shop, shop,
          nicolae_shop_hallway_stairs, minmay_shoptagon
Slime:1:  layout_caves, cheibrodos_slime_lost_civilization_7
Slime:2:  layout_caves
Slime:3:  layout_caves
Slime:4:  layout_caves, cheibrodos_slime_lost_civilization_6
Slime:5
Orc:1:    layout_diamond_mine
Orc:2:    st_orc_open, layout_diamond_mine, nicolae_orc_pool_cavern
Elf:1:    eino_elf_arrival_sip, layout_gridlike, hangedman_elf_disciples,
          hangedman_elf_simple_split, minmay_shop_grid_forest,
          grunt_megastairs_2
Elf:2:    elven_hall_of_blades_hangedman_original [nicolae_blade_little_rooms],
          layout_geoelf_grid
Elf:3:    grunt_elf_hall_branching, layout_geoelf_castle
Vaults:1: vaults_room_grunt_arrival_checkpoint, nicolae_vaults_meeting,
          hangedman_vaults_impose, dpeg_vaults_monster_box,
          hangedman_vaults_stagger, nicolae_vaults_specimen_jars, v_misc_28,
          vaults_dpeg_diagonal, hangedman_vaults_trim, vaults_room_fours,
          ontoclasm_vaults_pinch, layout_vaults_omnigrid, uniq_zenata
Vaults:2: minmay_crypt_entry_simple_round, vaults_room_grid,
          vaults_room_door_hall, vaults_room_semicircle,
          nicolae_vaults_little_squares_4, v_misc_27, nicolae_vaults_triangles,
          ontoclasm_vaults_tryst, v_misc_30, v_misc_27, v_misc_5,
          vaults_mumra_lcd, nicolae_vaults_little_squares_3,
          nicolae_vaults_asterisk, layout_vaults_ring, serial_shops,
          nicolae_diamond_shop, nicolae_shop_stone, shop_fountains,
          nicolae_shop_crystal
Vaults:3: hangedman_vaults_impose, vaults_room_fours, hangedman_vaults_unwind,
          v_alt_pattern_6, nicolae_vaults_twisting_passages,
          hangedman_vaults_hard_town_square, ontoclasm_vaults_chip,
          v_alt_pattern_2, vaults_dpeg_emergency_exit,
          ontoclasm_vaults_claustrophobia, vaults_dpeg_cross,
          nicolae_vaults_little_squares_3, layout_vaults_omnicross, uniq_donald
Vaults:4: v_misc_19, grunt_vaults_trifunnel, nicolae_vaults_little_squares_6,
          vaults_room_door_ring, vaults_room_fancy_cross, v_misc_29,
          nicolae_vaults_big_angled_halls, nicolae_vaults_border_crossing,
          vaults_room_corners, layout_vaults_chaotic_city
Vaults:5: serial_shops, uniq_margery
Crypt:1:  layout_basic, grunt_ministairs_12, amcnicky_mini_pool_small,
          lemuel_nasty_fountain, grunt_crypt_arrival_split, grunt_megastairs_4
Crypt:2:  layout_basic
Crypt:3:  church_of_pain_bobbens, layout_chaotic_city, serial_glass,
          glass_columns_b, glass_columns_a
Depths:1: layout_basic, rand_demon_pan_entry_1, hell_entry,
          hangedman_decor_peaks_small, enter_trove_0, minmay_misc_feat_pillars,
          grunt_ministairs_13, amcnicky_mini_corridor_feature,
          kennysheep_vampire_church
Depths:2: minmay_box_of_statues, layout_cave_shapes, grunt_pan_entry_zigzag,
          special_room [special_room_mythical_zoo], serial_shops,
          nicolae_lakefront_shop, hangedman_coc_ice_floe, dk_noncrumbling_3
Depths:3: hangedman_hanging_gardens, layout_basic, minmay_misc_feat_tower,
          lightli_too_deep, marbit_kobold_abyss_entry,
          infiniplex_staircase_zigzag_1, uniq_vv
Depths:4: lemuel_castle_with_subvaults [lemuel_castle_interior_carwin_1],
          layout_honeycomb, enter_ziggurat_b, okawaru_trees_2,
          rand_demon_pan_entry_3, nzn_ghost_randoct, hell_entry, uniq_grunn
Zot:1:    layout_misc_corridors
Zot:2:    layout_basic, zot_minivault_1, grunt_megastairs_5
Zot:3:    layout_basic
Zot:4:    grunt_twist_and_shout, layout_onion, nicolae_diode_quadrants
Zot:5:    layout_basic, skrybe_zot_glass_2

Skill      XL: |  1  2  3  4  5  6  7  8  9 10 11 12 13 14 15 16 17 18 19 20 21 22 23 24 25 26 27 |
---------------+----------------------------------------------------------------------------------+-----
Maces & Flails | 3 4 5 6 7 9 11 13 14 15 16 18 | 18.8
Invocations    | 3 4 11 15 19 | 19.6
Fighting       | 7 9 15 19 21 24 27 | 27.0
Armour         | 1 3 4 5 7 8 14 15 17 18 | 18.7
Dodging        | 8 11 15 20 | 20.2
Axes           | 4 11 13 15 17 18 21 | 21.1
Evocations     | 1 6 |  6.9
Staves         | 6 |  6.0
Throwing       | 4 |  4.5
Unarmed Combat | 2 |  2.7

Action                   |  1- 3 |  4- 6 |  7- 9 | 10-12 | 13-15 | 16-18 | 19-21 | 22-24 | 25-27 || total
-------------------------+-------+-------+-------+-------+-------+-------+-------+-------+-------++-------
Melee: Flail             |    62 |    27 |       |       |       |       |       |       |       ||    89
       Spear             |       |   109 |    80 |       |       |       |       |       |       ||   189
       Punch             |       |     1 |     1 |       |       |       |       |       |       ||     2
       Dire flail        |       |       |   225 |   503 |  1508 |   362 |       |       |       ||  2598
       Unarmed           |       |       |     2 |       |       |       |       |       |       ||     2
       Bite              |       |       |       |    65 |   288 |   156 |       |       |       ||   509
       Battleaxe         |       |       |       |       |       |   644 |   519 |  1044 |   993 ||  3200
 Fire: Sling             |       |     1 |       |       |       |       |       |       |       ||     1
Throw: Throwing net      |     5 |       |       |       |       |       |       |       |       ||     5
       Stone             |     1 |     1 |     1 |     9 |     3 |       |       |       |       ||    15
Invok: Lesser Servant of |       |       |       |     8 |     7 |       |       |       |       ||    15
       Greater Servant o |       |       |       |       |     3 |     3 |       |       |       ||     6
Evoke: Wand              |       |    10 |    13 |     6 |    15 |     2 |       |       |     2 ||    48
       Condenser vane    |       |       |       |       |     1 |       |       |     1 |     2 ||     4
  Use: Scroll            |       |     4 |    17 |     9 |    18 |     6 |       |     4 |     6 ||    64
       Potion            |       |     1 |     5 |     7 |     6 |     5 |     5 |     3 |    15 ||    47
 Stab: Invisible         |       |       |     1 |     1 |    12 |       |       |       |       ||    14
       Sleeping          |       |       |     3 |     2 |       |       |       |       |       ||     5
       Distracted        |       |       |       |     1 |     3 |     1 |     1 |       |       ||     6
       Petrified         |       |       |       |     1 |       |       |       |     2 |       ||     3
       Paralysed         |       |       |       |       |     1 |       |       |       |       ||     1
       Confused          |       |       |       |       |       |       |       |     2 |       ||     2
       Petrifying        |       |       |       |       |       |       |       |     1 |       ||     1
Armor: Leather armour    |     3 |       |       |    68 |       |       |       |       |       ||    71
       Ring mail         |    20 |    38 |    28 |       |       |       |       |       |       ||    86
       Skin              |       |     3 |       |       |       |       |       |       |    17 ||    20
       Steam dragon scal |       |       |    44 |     4 |       |       |       |       |       ||    48
       Chain mail        |       |       |       |    49 |   334 |   187 |       |       |       ||   570
       Ice dragon scales |       |       |       |       |    40 |       |       |       |       ||    40
       Plate armour      |       |       |       |       |       |   295 |   211 |   514 |   365 ||  1385
Dodge: Dodged            |    34 |    44 |   105 |   157 |   507 |   464 |   262 |   671 |   574 ||  2818
Block: Other             |     3 |    14 |    28 |    97 |   300 |   255 |    54 |   110 |    82 ||   943
